 Dungeon Crawl Stone Soup version 0.21-a0-460-g737a915 (webtiles) character file.

49 Xiguana the Ruffian (level 3, -5/26 HPs)
             Began as an Octopode Chaos Knight on Nov 20, 2017.
             Slain by a hobgoblin
             ... wielding a +0 short sword
              (8 damage)
             ... on level 2 of the Dungeon.
             The game lasted 00:05:15 (1347 turns).

Xiguana the Ruffian (Octopode Chaos Knight)         Turns: 1347, Time: 00:05:16

Health: -5/26      AC:  1    Str: 12    XL:     3   Next: 77%
Magic:  3/3        EV: 14    Int: 14    God:    Xom [.....*]
Gold:   68         SH:  0    Dex: 11    Spells: 2/2 levels left

rFire    . . .     SeeInvis .   c - +1 whip (elec)
rCold    . . .     Gourm    .   (no shield)
rNeg     . . .     Faith    .   (helmet restricted)
rPois    .         Spirit   .   (no amulet)
rElec    .         Reflect  .   (no ring)
rCorr    .         Harm     .   (no ring)
MR       .....                  (no ring)
Stlth    +++.......             (no ring)
HPRegen  0.08/turn              (no ring)
MPRegen  0.08/turn              (no ring)
                                (no ring)
                                (no ring)

@: no status effects
A: almost no armour, stealthy swim, amphibious, 8 rings, constrict 8, antennae
1, camouflage 1, gelatinous body 1
a: Renounce Religion


You were on level 2 of the Dungeon.
You worshipped Xom.
You were Xom's teddy bear.
You were not hungry.

You visited 1 branch of the dungeon, and saw 2 of its levels.

You collected 68 gold pieces.

Inventory:

Hand Weapons
 c - a +1 whip of electrocution (weapon)
Scrolls
 f - a scroll of identify {unknown}
Potions
 b - 3 potions of degeneration {unknown}
 e - 2 potions of mutation {unknown}
 g - 2 potions of lignification {unknown}
Comestibles
 a - a bread ration
 d - a meat ration
 h - 3 royal jellies
 i - a chunk of flesh


   Skills:
 * Level 3.5 Fighting
 + Level 2.8 Dodging
 + Level 1.5 Stealth
 * Level 3.6 Unarmed Combat


You had 2 spell levels left.
You didn't know any spells.

Dungeon Overview and Level Annotations

Branches:
Dungeon (2/15)

Altars:
Fedhas


Innate Abilities, Weirdness & Mutations

You cannot wear most types of armour.
You are very stealthy in the water. (Stealth+)
You are amphibious.
You can wear up to eight rings at the same time.
You can use your tentacles to constrict eight enemies at once.
Your skin changes colour to match your surroundings (Stealth+).
Your rubbery body absorbs attacks. (AC +1, EV +1)
You have a pair of small antennae on your head.


Message History

You annihilate the frilled lizard!!!
The hobgoblin hits you with a short sword!
A hobgoblin is nearby!!!
You are too injured to fight recklessly!!!
You are too injured to fight recklessly!!!
A hobgoblin is nearby!!!
You are too injured to fight recklessly!!!
A hobgoblin is nearby!!!
You are too injured to fight recklessly!!!
A hobgoblin is nearby!!!
You are too injured to fight recklessly!!!
You barely miss the hobgoblin! Your grab misses the hobgoblin!
The hobgoblin hits you with a short sword! * * * don't die
* * * You closely miss the hobgoblin!
You grab the hobgoblin! You squeeze the hobgoblin!
The hobgoblin is severely wounded!
You constrict the hobgoblin!
The hobgoblin hits you with a short sword!!! rip

# .# #. #.#
#....
#.#####.(
.....
#.≈.≈≈..#
.....
#..≈≈≈..
..#..
#..._≈.####.#
...S.
#.≈.≈≈.......
....#
#..≈≈≈g# ...#
##...@.# ..
####.## ...
#.# #.# #.#
#.# #.# #.#
#.# #.# #.#
##### #.###
#.###...##
#....
#.##.....#
#.###


You could see a hobgoblin.

Vanquished Creatures
  2 adders (D:2)
  3 worms (D:2)
  A dart slug (D:1)
  A giant cockroach (D:1)
  2 goblins (D:1)
  A hobgoblin (D:2)
  2 bats (D:1)
  2 frilled lizards
  7 kobolds
  4 rats
25 creatures vanquished.

Notes
Turn   | Place    | Note
-------+----------+-------------------------------------------
     0 | D:1      | Xiguana the Octopode Chaos Knight began the quest for the Orb.
     0 | D:1      | Reached XP level 1. HP: 16/16 MP: 1/1
   146 | D:1      | Reached XP level 2. HP: 20/21 MP: 2/2
   219 | D:1      | XOM: harmless Necr miscast
   367 | D:1      | XOM: harmless Fire miscast
   851 | D:2      | XOM: noise
   858 | D:2      | XOM: smoke on damage
   859 | D:2      | Reached skill level 1 in Stealth
   904 | D:2      | XOM: silly message
   958 | D:2      | XOM: give mutation
   958 | D:2      | Gained mutation: You have a pair of small antennae on your head. [Xom's grace]
   971 | D:2      | Reached XP level 3. HP: 5/26 MP: 3/3
   976 | D:2      | XOM: 3-stop teleportation journey
   998 | D:2      | XOM is BORED!
   998 | D:2      | XOM: torment (5/26 hp)
  1259 | D:2      | XOM: god gift: 31 gold pieces
  1336 | D:2      | Found a blossoming altar of Fedhas.
  1347 | D:2      | Slain by a hobgoblin

Vault maps used:
D:1:      elethiomel_arrival_infinity_welcomes_careful_drivers, st_stairs_10
D:2:      lemuel_coloured_pillars_altar, fedhas_altar_2

Skill      XL: |  1  2 |
---------------+-------+-----
Stealth        | 1 |  1.5
Fighting       | |  3.5
Dodging        | |  2.8
Unarmed Combat | |  3.6

Action                   || total
-------------------------++-------
Melee: Unarmed           ||    18
       Constrict         ||    11
       Tentacles         ||     6
       Whip              ||    38
 Stab: Sleeping          ||     6
  Eat: Chunk             ||     2
Armor: Skin              ||     4
Dodge: Dodged            ||    26

Table legend:
 A = Spawn XP
 B = Non-spawn XP
 C = Spawn XP percentage of total XP
 D = Spawn monster count
 E = Non-spawn monster count
 F = Spawn count percentage of total count
 G = Total turns spent on level
                    A         B        C        D         E        F      G
               +---------+---------+-------+---------+---------+-------+---------
         Total |       0 |      71 |   0.0 |       0 |      25 |   0.0 |  1347
               +---------+---------+-------+---------+---------+-------+---------
           D:1 |       0 |      22 |   0.0 |       0 |      15 |   0.0 |   851
           D:2 |       0 |      49 |   0.0 |       0 |      10 |   0.0 |   496
               +---------+---------+-------+---------+---------+-------+---------
